 Dungeon Crawl Stone Soup version 0.32-a0-468-g38b2580584 (webtiles) character file.

Game seed: 3905730174716873588

140 PriceMaster the Magician (level 5, 0/24 HPs)
             Began as a Spriggan Earth Elementalist on Feb 24, 2024.
             Was an Initiate of Wu Jian.
             Slain by an ufetubus (2 damage)
             ... on level 3 of the Dungeon.
             The game lasted 00:04:01 (2560 turns).

PriceMaster the Magician (SpEE)                     Turns: 2560, Time: 00:04:02

Health: 0/24       AC:  2    Str: 10    XL:     5   Next: 2%
Magic:  0/13       EV: 17    Int: 19    God:    Wu Jian [......]
Gold:   203        SH:  0    Dex: 15    Spells: 8/13 levels left

rFire   . . .        c - +0 dagger
rCold   . . .        (no shield)
rNeg    . . .        a - +0 robe
rPois   .            (helmet restricted)
rElec   .            (no cloak)
rCorr   .            (gloves unavailable)
SInv    +            (boots unavailable)
Will    .....        h - amulet of guardian spirit
Stlth   ++           f - ring of wizardry
HPRegen 0.24/turn    b - +6 ring of strength
MPRegen 0.13/turn

%: guardian spirit, wizardry (x1)
@: very quick
A: very small, no large weapons, unfitting armour, see invisible, speed 3
a: Renounce Religion


You were on level 3 of the Dungeon.
You worshipped Wu Jian.
Wu Jian was noncommittal.
You visited 1 branch of the dungeon, and saw 3 of its levels.

You collected 203 gold pieces.

Inventory:

Hand Weapons
 c - a +0 dagger (weapon)
Armour
 a - a +0 robe (worn)
Jewellery
 b - a +6 ring of strength (right hand)
 f - a ring of wizardry (left hand)
 h - an amulet of guardian spirit (around neck)
Scrolls
 d - 2 scrolls of enchant armour {unknown}
 e - 2 scrolls of teleportation {unknown}
 g - 2 scrolls of immolation {unknown}
 i - a scroll of silence {unknown}
 j - a scroll of enchant weapon {unknown}
 l - 2 scrolls of butterflies {unknown}
 n - a scroll of identify {unknown}
Potions
 k - a potion of cancellation {unknown}
 m - 2 potions of heal wounds {unknown}
 o - a potion of lignification {unknown}
 p - a potion of might {unknown}


   Skills:
 + Level 2.8 Dodging
 + Level 3.2 Stealth
 + Level 4.9 Spellcasting
 + Level 0.6 Conjurations
 + Level 4.0 Earth Magic


You had 8 spell levels left.
You knew the following spells:

 Your Spells              Type           Power      Damage    Failure   Level
a - Sandblast             Erth           40%        2d10      1%          1
b - Cause Fear            Hex            2%         N/A       43%         4

Your spell library contained the following spells:

 Spells                   Type           Power      Damage    Failure   Level
 Passwall                 Erth           20%        N/A       2%          3
 Sting                    Conj/Alch      20%        1d4       4%          1
 Apportation              Tloc           8%         N/A       5%          1
 Necrotise                Necr           16%        1d4       5%          1
 Summon Small Mammal      Summ           16%        N/A       5%          1
 Stone Arrow              Conj/Erth      26%        3d8       6%          3
 Brom's Barrelling Bould  Conj/Erth      13%        2d4       19%         4
 Petrify                  Alch/Erth      12%        N/A       21%         4
 Anguish                  Hex/Necr       2%         N/A       43%         4
 Enfeeble                 Hex            2%         N/A       100%        7


Dungeon Overview and Level Annotations

Branches:
Dungeon (3/15)

Altars:
Fedhas
Gozag
Trog
Uskayaw
Wu Jian


Innate Abilities, Weirdness & Mutations

You are very small and have problems with some larger weapons.
You are too small for most types of armour.
You have supernaturally acute eyesight. (SInv)
You cover ground extremely quickly. (Speed+++)


Message History

The goblin closely misses you. The ufetubus closely misses you. x2
The ufetubus hits you. The ufetubus completely misses you.
Casting: Sandblast (safe; 1% risk of failure)
Confirm with . or Enter, or press ? or * to list all spells.
You don't know that spell.
Casting: Sandblast (safe; 1% risk of failure)
Confirm with . or Enter, or press ? or * to list all spells.
Casting: Cause Fear (astonishingly dangerous; 43% risk of failure)
Press: ? - help, Dir - look around, f - activate The ufetubus looks frightened! x2; The goblin looks frightened!
Casting: Cause Fear (astonishingly dangerous; 43% risk of failure)
Confirm with . or Enter, or press ? or * to list all spells.
You don't know that spell.
You are too injured to fight recklessly!
You lunge at the ufetubus.
You hit the ufetubus but do no damage.
Your attack snaps the ufetubus out of its fear.
The ufetubus barely misses you. The ufetubus hits you.
You hit the ufetubus.
The ufetubus is heavily wounded.
An ufetubus opens the door.
The ufetubus closely misses you. x2
The ufetubus slips past you! The ufetubus hits you.
* * * LOW HITPOINT WARNING * * *
The ufetubus misses you.
You completely miss the ufetubus.
The ufetubus is heavily wounded.
The ufetubus barely misses you. The ufetubus misses you.
You hit the ufetubus.
The ufetubus is almost dead.
The ufetubus hits you.
* * * LOW HITPOINT WARNING * * *
The ufetubus closely misses you. The ufetubus completely misses you. x2
You closely miss the ufetubus.
The ufetubus is almost dead.
The ufetubus misses you. x2; Cornered, the goblin turns to fight!
You closely miss the ufetubus.
The ufetubus is almost dead.
The ufetubus hits you.
* * * LOW HITPOINT WARNING * * *
The ufetubus misses you. The ufetubus hits you.
You die...

######## #......#
#......#
###########5.....#
#..........@.....#
#.######.......g.#
#.######.........#
#......'........##
#..#####...###..# #..#
##### #..# #..#### #..#
#..##.########..#
#..##........#..########


You could see an ufetubus and a goblin.

Vanquished Creatures
  4 gnolls
  3 adders
  2 dart slugs
  A ribbon worm (D:2)
  6 endoplasms
  2 giant cockroaches
  6 goblins
  4 hobgoblins
  7 jackals (D:2)
  5 kobolds
  5 quokkas
  7 ball pythons
  6 bats
  2 frilled lizards (D:1)
  3 rats
63 creatures vanquished.

Notes
Turn   | Place    | Note
-------+----------+-------------------------------------------
     0 | D:1      | PriceMaster the Spriggan Earth Elementalist began the quest
                  | for the Orb.
     0 | D:1      | Reached XP level 1. HP: 9/9 MP: 5/5
   326 | D:1      | Reached XP level 2. HP: 13/13 MP: 5/7
   673 | D:1      | Reached XP level 3. HP: 16/16 MP: 6/8
  1540 | D:2      | Reached XP level 4. HP: 21/21 MP: 8/11
  1917 | D:2      | Learned a level 4 spell: Cause Fear
  1993 | D:3      | Found an ornate altar of the Wu Jian Council.
  2097 | D:3      | Became a worshipper of the Wu Jian Council
  2256 | D:3      | Found a hide-covered altar of Uskayaw.
  2256 | D:3      | Found a bloodstained altar of Trog.
  2256 | D:3      | Found an opulent altar of Gozag.
  2256 | D:3      | Found a blossoming altar of Fedhas.
  2429 | D:3      | Reached XP level 5. HP: 24/24 MP: 13/13
  2560 | D:3      | Slain by an ufetubus

Illustrated notes

Levels and vault maps discovered:
D:1:      lemuel_arrival_muddy, layout_loops_ring
D:2:      layout_loops_ring
D:3:      layout_basic, mainiacjoe_overflow_paths, grunt_ashenzari_visionary
          [grunt_ashenzari_visionary_shoals, grunt_ashenzari_visionary_snake],
          chequers_temple_overflow_statue_of_worship, uniq_terence

Skill      XL: |  1  2  3  4 |
---------------+-------------+-----
Spellcasting   | 3 4 |  4.9
Earth Magic    | 3 4 |  4.0
Dodging        | |  2.8
Stealth        | |  3.2
Conjurations   | |  0.6

Action                     |  1- 3 |  4- 6 || total
---------------------------+-------+-------++-------
  Melee: Dagger            |     4 |    34 ||    38
   Cast: Sandblast         |    56 |    28 ||    84
         Cause Fear        |       |     2 ||     2
Ability: Lunge             |       |     1 ||     1
    Use: Potion            |       |     1 ||     1
   Stab: Sleeping          |       |     2 ||     2
 Armour: Robe              |     5 |    31 ||    36
  Dodge: Dodged            |    19 |    88 ||   107

Table legend: (Time is in decaauts)
 A = Elapsed time spent in this place.
 B = Non-inter-level travel time spent in this place.
 C = Inter-level travel time spent in this place.
 D = Time resting spent in this place.
 E = Time spent auto-exploring this place.
 F = Levels seen in this place.
 G = Mean time per level.
                   A        B        C        D        E       F      G
               +--------+--------+--------+--------+--------+-----+--------+
         Total |   1968 |   1909 |     59 |      0 |   1590 |   3 |  656.0 |
       Dungeon |   1968 |   1909 |     59 |      0 |   1590 |   3 |  656.0 |
               +--------+--------+--------+--------+--------+-----+--------+

Top non-repeatable levels by time:
     D:1: 847 daAuts
     D:2: 654 daAuts
     D:3: 465 daAuts
